 Dungeon Crawl Stone Soup version 0.20.1-1-g8b1a95d (webtiles) character file.

844 polve the Slasher (level 8, -11/52 HPs)
             Began as a Tengu Berserker on Aug 15, 2017.
             Was a Priest of Trog.
             Mangled by Duvessa
             ... wielding a +0 short sword
              (12 damage)
             ... on level 5 of the Dungeon.
             The game lasted 00:03:59 (5157 turns).

polve the Slasher (Tengu Berserker)                 Turns: 5157, Time: 00:03:59

Health: -11/52     AC:  3    Str: 18    XL:     8   Next: 0%
Magic:  9/9        EV: 11    Int:  7    God:    Trog [***...]
Gold:   281        SH:  3    Dex: 16    Spells: 7/7 levels left

rFire    . . .     SeeInvis .   o - +0 long sword
rCold    . . .     Gourm    .   d - +0 buckler
rNeg     + . .     Faith    .   u - +0 leather armour {rN+}
rPois    .         Spirit   .   (helmet restricted)
rElec    .         Reflect  .   (no cloak)
rCorr    .         Harm     .   (no gloves)
MR       ++...                  (boots unavailable)
Stlth    +.........             (no amulet)
Regen    1.2/turn               (no ring)
MPRegen  0.2/turn               (no ring)

@: berserk cooldown, regenerating, slowed, very slow
A: beak, talons 3, able to fly 1
a: Fly, Berserk, Trog's Hand, Burn Spellbooks, Renounce Religion


You were on level 5 of the Dungeon.
You worshipped Trog.
Trog was most pleased with you.
You were very hungry.

You visited 1 branch of the dungeon, and saw 5 of its levels.

You collected 281 gold pieces.

Inventory:

Hand Weapons
 o - a +0 long sword (weapon)
 p - a +0 shortbow
Missiles
 t - 21 arrows
Armour
 d - a +0 buckler (worn)
 u - a +0 leather armour of positive energy (worn)
Scrolls
 b - a scroll of immolation {unknown}
 e - a scroll of teleportation {unknown}
 g - a scroll of noise {unknown}
 i - 3 scrolls of blinking {unknown}
 j - 4 scrolls of remove curse
 l - a scroll of enchant weapon {unknown}
 n - 3 scrolls of enchant armour {unknown}
 v - a scroll of recharging {unknown}
 w - a scroll of identify {unknown}
Potions
 a - a potion of haste {unknown}
 h - 4 potions of curing
 m - 2 potions of ambrosia {unknown}
 q - 3 potions of mutation {unknown}
 s - a potion of flight {unknown}
Books
 r - a book of Changes

   Spells                             Type                      Level
   a - Beastly Appendage              Transmutation                1
   b - Sticks to Snakes               Transmutation                2
   c - Spider Form                    Transmutation/Poison         3
   d - Ice Form                       Ice/Transmutation            4
   e - Blade Hands                    Transmutation                5
   Trog disapproves of the use of such an item.
Comestibles
 c - 2 bread rations
 f - 3 meat rations


   Skills:
 + Level 6.8 Fighting
 + Level 7.5 Long Blades
 - Level 2.1 Armour
 - Level 2.1 Dodging


You had 7 spell levels left.
You didn't know any spells.

Dungeon Overview and Level Annotations

Branches:
Dungeon (5/15)
 Temple: D:4-7

Altars:
Dithmenos
Elyvilon
Trog
Uskayaw
Vehumet
The Shining One

Annotations:
D:5 Duvessa


Innate Abilities, Weirdness & Mutations

You have a beak for a mouth.
You have claws for feet.
You can fly.


Message History

You hit Duvessa. You peck Duvessa, but do no damage.
Duvessa is lightly wounded.
Duvessa hits you with a short sword.
* * * LOW HITPOINT WARNING * * *
You block the orc's attack. Duvessa hits you with a short sword.
* * * LOW HITPOINT WARNING * * *
You barely miss Duvessa. You peck Duvessa, but do no damage.
Duvessa is lightly wounded.
You are feeling very hungry.
Duvessa closely misses you.
You riposte.
You slash Duvessa! You claw Duvessa, but do no damage.
You peck Duvessa, but do no damage.
Duvessa is moderately wounded.
You block the orc's attack. Duvessa hits you with a short sword!
* * * LOW HITPOINT WARNING * * *
The orc barely misses you.
It was a potion of curing.
You feel better. Duvessa closely misses you.
Duvessa hits you with a short sword!
* * * LOW HITPOINT WARNING * * *
The orc barely misses you. Duvessa hits you with a short sword!
You die...

...#....+#.#.#)#.#.#.
...+....#.#.#.#.#.#.# #.
...#....'#.#.#.#.#.# #.#
#.#...).#.#.#.#.#.# #.#
###..............###.###
#.####................
#+####.##.........<...
..............o........
.........#...Se@.......
.........#...##########
.....#####....รท....#
..... #...#####.# ....
#..#......# ....
##.........#
#...#......#
##.######..>####.#.##...
#.......#...####........


You could see Duvessa (berserk), an orc and a ball python.

Vanquished Creatures
  Sigmund (D:2)
  The ghost of bli the Skirmisher, an amateur FoAK of Lugonu (D:3)
  An ogre (D:4)
  A centaur (D:5)
  Dowan (D:5)
  A howler monkey (D:5)
  A hound (D:5)
  3 orc priests (D:4)
  A bullfrog skeleton (D:4)
  2 worker ants (D:4)
  6 adders
  A shadow imp (D:5)
  2 oozes (D:1)
  An adder skeleton (D:4)
  2 worms (D:2)
  2 leopard geckos (D:4)
  10 orcs
  A ball python (D:3)
  4 bats
  A giant cockroach (D:4)
  12 goblins
  7 hobgoblins
  7 jackals
  A quokka (D:3)
  6 frilled lizards
  9 kobolds
  6 rats
91 creatures vanquished.

Vanquished Creatures (others)
  A wizard (D:4)
  4 toadstools (D:1)
5 creatures vanquished.

Grand Total: 96 creatures vanquished

Notes
Turn   | Place    | Note
-------+----------+-------------------------------------------
     0 | D:1      | polve the Tengu Berserker began the quest for the Orb.
     0 | D:1      | Reached XP level 1. HP: 14/14 MP: 2/2
    37 | D:1      | Reached XP level 2. HP: 19/19 MP: 3/3
   344 | D:1      | Reached skill level 4 in Long Blades
   531 | D:1      | Reached XP level 3. HP: 23/23 MP: 4/4
   877 | D:1      | Reached ** piety under Trog
  1397 | D:2      | Reached XP level 4. HP: 16/29 MP: 5/5
  1962 | D:2      | Found a radiant altar of Vehumet.
  1968 | D:2      | Noticed Sigmund
  1982 | D:2      | Killed Sigmund
  1982 | D:2      | Reached skill level 5 in Long Blades
  1982 | D:2      | Gained mutation: You can fly. [Tengu growth]
  1982 | D:2      | Reached XP level 5. HP: 24/34 MP: 6/6
  1982 | D:2      | Reached XP level 6. HP: 28/40 MP: 7/7
  2574 | D:3      | Noticed bli's ghost (amateur FoAK)
  2578 | D:3      | Killed bli's ghost
  2578 | D:3      | Reached skill level 5 in Fighting
  2578 | D:3      | Reached skill level 6 in Long Blades
  2948 | D:3      | Found a hide-covered altar of Uskayaw.
  3158 | D:3      | Found a glowing golden altar of the Shining One.
  3352 | D:4      | Found a white marble altar of Elyvilon.
  3352 | D:4      | Found a shadowy altar of Dithmenos.
  3691 | D:4      | Reached *** piety under Trog
  3691 | D:4      | Reached XP level 7. HP: 36/45 MP: 8/8
  4301 | D:4      | Found a bloodstained altar of Trog.
  4303 | D:4      | Noticed a wizard
  4309 | D:4      | Killed a wizard
  4632 | D:4      | Reached skill level 7 in Long Blades
  4846 | D:5      | Entered Level 5 of the Dungeon
  5126 | D:5      | Noticed Dowan
  5132 | D:5      | Killed Dowan
  5136 | D:5      | Reached XP level 8. HP: 48/52 MP: 9/9
  5144 | D:5      | Noticed Duvessa
  5157 | D:5      | HP: 1/52 [Duvessa/short sword (10)]
  5157 | D:5      | Mangled by Duvessa

Skill      XL: |  1  2  3  4  5  6  7 |
---------------+----------------------+-----
Long Blades    | 4 5 6 7 |  7.5
Fighting       | 4 5 6 |  6.8
Armour         | |  2.1
Dodging        | |  2.1

Action                   |  1- 3 |  4- 6 |  7- 9 || total
-------------------------+-------+-------+-------++-------
Melee: Falchion          |    53 |    40 |       ||    93
       Kick              |    13 |    19 |    18 ||    50
       Peck              |    12 |     6 |    13 ||    31
       Long sword        |       |    37 |    56 ||    93
Invok: Berserk           |       |     4 |     3 ||     7
       Trog's Hand       |       |       |     1 ||     1
  Use: Scroll            |       |       |     1 ||     1
       Potion            |       |       |     1 ||     1
 Stab: Sleeping          |     2 |     1 |     1 ||     4
  Eat: Chunk             |     1 |    12 |     6 ||    19
Armor: Animal skin       |     3 |       |       ||     3
       Leather armour    |     3 |     5 |     4 ||    12
Dodge: Dodged            |    28 |    35 |    29 ||    92
Block: Buckler           |       |    16 |     8 ||    24
       Rpst.: Falchion   |    14 |     4 |       ||    18
       Long sword        |       |     4 |     6 ||    10
